 Dungeon Crawl Stone Soup version 0.30-a0-141-g30f27751c5 (webtiles) character file.

Game seed: 8588062187509193586

236 qw the Shield-Bearer (level 6, -2/37 HPs)
             Began as a Gargoyle Fighter on Sept 25, 2022.
             Slain by a hornet (7 damage)
             ... on level 4 of the Dungeon.
             The game lasted 00:01:12 (3506 turns).

qw the Shield-Bearer (Gargoyle Fighter)             Turns: 3506, Time: 00:01:12

Health: -2/37      AC: 20    Str: 21    XL:     6   Next: 6%
Magic:  6/6        EV:  2    Int:  9    God:
Gold:   501        SH: 12    Dex:  9    Spells: 5/5 levels left

rFire   . . .      SeeInvis .    Y - +0 war axe (freeze)
rCold   . . .      Faith    .    m - +0 tower shield
rNeg    + . .      Spirit   .    i - +0 plate armour
rPois   inf        Reflect  .    l - +0 helmet
rElec   +          Harm     .    e - +2 cloak
rCorr   .          Rampage  .    (no gloves)
Will    .....                    (no boots)
Stlth   ..........               (no amulet)
HPRegen 0.12/turn                (no ring)
MPRegen 0.10/turn                (no ring)

@: no status effects
A: sickness immunity, AC +4, negative energy resistance 1, electricity
resistance, torment resistance 1, petrification resistance
a: no special abilities


You were on level 4 of the Dungeon.
You visited 2 branches of the dungeon, and saw 5 of its levels.

You collected 501 gold pieces.


Innate Abilities, Weirdness & Mutations

You are immune to sickness and miasma.
Your stone body is resilient. (AC +4)
You are immune to poison.
You resist negative energy. (rN+)
You are resistant to electric shocks. (rElec)
You are resistant to unholy torment.
You are immune to petrification.


   Skills:
 - Level 3.2 Fighting
 - Level 4.0 Axes
 - Level 3.2 Armour
 + Level 5.7 Shields


You had 5 spell levels left.
You didn't know any spells.
Your spell library was empty.

Inventory:

Hand Weapons
 n - a +0 flail
 Y - a +0 war axe of freezing (weapon)
Armour
 e - a +2 cloak (worn)
 i - a +0 plate armour (worn)
 l - a +0 helmet (worn)
 m - a +0 tower shield (worn)
Scrolls
 a - a scroll of identify
 f - a scroll of enchant weapon {unknown}
Potions
 b - a potion of lignification
 d - 3 potions of might
 h - a potion of mutation
 j - a potion of heal wounds {unknown}
 k - a potion of attraction {unknown}

Dungeon Overview and Level Annotations

Branches:
Dungeon (4/15)             Temple (1/1) D:4

Altars:
Ashenzari
Cheibriados
Dithmenos
Elyvilon
Fedhas
Gozag
Hepliaklqana
Kikubaaqudgha
Makhleb
Nemelex Xobeh
Qazlal
Ru
Sif Muna
Trog
Uskayaw
Vehumet
Wu Jian
Xom
Yredelemnul
Zin
The Shining One


Message History

You block the hornet's attack. The hornet stings you.
You miss the hornet.
The hornet is heavily wounded.
The hornet stings you but does no damage.
You block the hornet's attack.
You barely miss the hornet.
The hornet is heavily wounded.
The hornet stings you. The hornet stings you! You block the hornet's attack.
3495 ||| READING scroll of teleportation.
As you read the scroll of teleportation, it crumbles to dust.
You feel strangely unstable. You block the hornet's attack.
You miss the hornet.
The hornet is heavily wounded.
The hornet stings you but does no damage. x3
You slash the hornet! You freeze the hornet.
The hornet is almost dead.
Your surroundings suddenly seem different.
You start resting.
A hornet is nearby!
The hornet buzzes angrily.
You barely miss the hornet.
The hornet is almost dead.
The hornet stings you but does no damage.
You block the hornet's attack.
You closely miss the hornet.
The hornet is almost dead.
You block the hornet's attack.
The hornet stings you but does no damage.
The hornet stings you.
You closely miss the hornet.
The hornet is almost dead.
The hornet stings you but does no damage.
You block the hornet's attack.
You closely miss the hornet.
The hornet is almost dead.
You block the hornet's attack.
The hornet stings you but does no damage.
The hornet stings you!
You die...

#### ... ####..## #####..###
###......## ##.........###
#.........# .............
##.........# ............##
#..........## .............#
#@..........#
.............###y..........#
.#........)...#)...........#
...........#...............##
#.#.......###...............#
#.###...### ##.............##
#...###...# #....<........#
........#.# ##............#
..>..##...####....<........#


You could see a hornet.

Vanquished Creatures
  A bullfrog (D:4)
  An iguana (D:4)
  An orc wizard (D:3)
  Robin (D:3)
  2 adders
  A worm (D:2)
  3 dart slugs
  4 orcs (D:3)
  10 endoplasms
  2 giant cockroaches
  13 goblins
  9 hobgoblins
  5 quokkas
  7 ball pythons
  5 bats
  A frilled lizard (D:3)
  4 kobolds
  4 rats
74 creatures vanquished.

Notes
Turn   | Place    | Note
-------+----------+-------------------------------------------
     0 | D:1      | qw the Gargoyle Fighter began the quest for the Orb.
     0 | D:1      | Reached XP level 1. HP: 14/14 MP: 1/1
     0 | D:1      | 0 ||| qw: Version: 0.2-a-10-g399e6c4
     0 | D:1      | 0 ||| qw: Game counter: 263
     0 | D:1      | 0 ||| qw: Always use a shield: true
     0 | D:1      | 0 ||| qw: God list: Okawaru
     0 | D:1      | 0 ||| qw: Allow faded altars: false
     0 | D:1      | 0 ||| qw: Do Orc after D:15 true
     0 | D:1      | 0 ||| qw: Do second Lair branch before Depths: true
     0 | D:1      | 0 ||| qw: Lair rune preference: random
     0 | D:1      | 0 ||| qw: Plans: Normal, Zot:1-4, God:TSO, Crypt, Tomb,
                  | Pan, Slime:5, Hells, Abyss, Orb
     0 | D:1      | 0 ||| PLANNING D:1-11
   232 | D:1      | Reached XP level 2. HP: 19/19 MP: 2/2
   286 | D:1      | You fall into a shaft and drop 1 floor!
   305 | D:2      | 305 ||| Stepping ~*~*~tactically~*~*~ (stealth).
   334 | D:2      | 334 ||| UPGRADING to +2 cloak.
   339 | D:2      | 339 ||| READING scroll labelled SEIQITRUSHU.
   448 | D:2      | 448 ||| READING 3 scrolls labelled BEALAVV CUNUS.
   448 | D:2      | Identified 3 scrolls of acquirement
   448 | D:2      | 448 ||| ACQUIRING +0 war axe of freezing
   448 | D:2      | Acquired a +0 war axe of freezing
   450 | D:2      | 450 ||| SWAPPING to +0 war axe of freezing.
   451 | D:2      | 451 ||| DROPPING +0 war axe.
   452 | D:2      | 452 ||| READING 2 scrolls of acquirement.
   452 | D:2      | 452 ||| ACQUIRING 328 gold pieces
   452 | D:2      | Acquired 328 gold pieces
   454 | D:2      | 454 ||| READING scroll of acquirement.
   454 | D:2      | 454 ||| ACQUIRING +1 kite shield of protection
   454 | D:2      | Acquired a +1 kite shield of protection
   456 | D:2      | 456 ||| UPGRADING to +1 kite shield of protection.
   466 | D:2      | 466 ||| DROPPING +0 buckler.
   550 | D:2      | 550 ||| READING scroll labelled AVIPNI FAIVO.
   614 | D:2      | 614 ||| UPGRADING to +0 chain mail of positive energy.
   624 | D:2      | 624 ||| DROPPING +0 scale mail.
   625 | D:2      | 625 ||| UPGRADING to +0 plate armour.
   635 | D:2      | 635 ||| DROPPING +0 chain mail of positive energy.
   636 | D:2      | 636 ||| READING scroll labelled CUSOOKK GEKKA.
   704 | D:1      | Reached skill level 3 in Axes
   738 | D:1      | Reached XP level 3. HP: 23/23 MP: 3/3
   738 | D:1      | 738 ||| DROPPING +0 club.
   786 | D:1      | Found a faded altar of an unknown god.
  1356 | D:1      | 1356 ||| READING scroll labelled TALOOVO FESUTS.
  1411 | D:2      | Reached skill level 4 in Shields
  1762 | D:2      | Reached XP level 4. HP: 28/28 MP: 4/4
  1911 | D:2      | 1911 ||| READING 3 scrolls of identify.
  1911 | D:2      | 1911 ||| IDENTIFYING viscous white potion
  1912 | D:2      | 1912 ||| READING 2 scrolls of identify.
  1912 | D:2      | 1912 ||| IDENTIFYING grey potion
  2097 | D:3      | 2097 ||| Stepping ~*~*~tactically~*~*~ (stealth).
  2099 | D:3      | 2099 ||| Stepping ~*~*~tactically~*~*~ (stealth).
  2101 | D:3      | 2101 ||| Stepping ~*~*~tactically~*~*~ (stealth).
  2110 | D:3      | 2110 ||| Stepping ~*~*~tactically~*~*~ (stealth).
  2113 | D:3      | 2113 ||| Stepping ~*~*~tactically~*~*~ (stealth).
  2119 | D:3      | Noticed Robin
  2120 | D:3      | 2120 ||| Stepping ~*~*~tactically~*~*~ (hiding).
  2129 | D:3      | Killed Robin
  2262 | D:3      | 2262 ||| Stepping ~*~*~tactically~*~*~ (hiding).
  2263 | D:3      | 2263 ||| Stepping ~*~*~tactically~*~*~ (hiding).
  2298 | D:3      | 2298 ||| Stepping ~*~*~tactically~*~*~ (hiding).
  2308 | D:3      | 2308 ||| Stepping ~*~*~tactically~*~*~ (stealth).
  2328 | D:3      | Reached XP level 5. HP: 32/32 MP: 5/5
  2364 | D:3      | 2364 ||| DROPPING +0 mace.
  2768 | D:3      | 2768 ||| UPGRADING to +0 helmet.
  2773 | D:3      | 2773 ||| UPGRADING to +0 tower shield.
  2783 | D:3      | 2783 ||| DROPPING +1 kite shield of protection.
  2784 | D:3      | 2784 ||| READING 2 scrolls of identify.
  2784 | D:3      | 2784 ||| IDENTIFYING metallic orange potion
  2785 | D:3      | 2785 ||| DROPPING potion of flight.
  2870 | D:4      | 2870 ||| Stepping ~*~*~tactically~*~*~ (stealth).
  2872 | D:4      | 2872 ||| Stepping ~*~*~tactically~*~*~ (hiding).
  2880 | D:4      | Reached skill level 5 in Shields
  2951 | D:4      | Found a staircase to the Ecumenical Temple.
  2952 | D:4      | 2952 ||| PLANNING TEMPLE
  2958 | Temple   | Entered the Ecumenical Temple
  3104 | Temple   | 3104 ||| PLANNING D:1-11
  3251 | D:4      | 3251 ||| Stepping ~*~*~tactically~*~*~ (stealth).
  3254 | D:4      | Reached XP level 6. HP: 30/37 MP: 6/6
  3273 | D:4      | 3273 ||| FLEEEEING.
  3274 | D:4      | 3274 ||| FLEEEEING.
  3278 | D:4      | Noticed a hornet
  3284 | D:4      | HP: 9/37 [hornet (4)]
  3285 | D:4      | 3285 ||| READING 2 scrolls of teleportation.
  3481 | D:4      | 3481 ||| FLEEEEING.
  3482 | D:4      | 3482 ||| FLEEEEING.
  3483 | D:4      | 3483 ||| FLEEEEING.
  3484 | D:4      | 3484 ||| FLEEEEING.
  3494 | D:4      | HP: 9/37 [hornet (10)]
  3495 | D:4      | 3495 ||| READING scroll of teleportation.
  3504 | D:4      | HP: 5/37 [hornet (6)]
  3506 | D:4      | Slain by a hornet

Levels and vault maps discovered:
D:1:      dpeg_arrival_round_a, layout_basic, hellmonk_ecumenical_altar_blasted
D:2:      layout_loops_ring, serial_aquarium, aquarium_bridge_square
          [aquarium_subvault_balcony, aquarium_subvault_bridge,
          aquarium_subvault_bridge, aquarium_subvault_wall],
          aquarium_window_fake, aquarium_window_fake, aquarium_window_corner,
          aquarium_view_2f, aquarium_view_2f, aquarium_balcony_double_4
D:3:      layout_loops_ring, uniq_robin
D:4:      layout_cave_pods, minmay_temple_entry_slanted,
          minmay_manual_macuahuitl
Temple:   kilobyte_greek_temple

Skill      XL: |  1  2  3  4  5 |
---------------+----------------+-----
Axes           | 2 3 4 |  4.0
Shields        | 4 5 |  5.7
Fighting       | |  3.2
Armour         | |  3.2

Action                   |  1- 3 |  4- 6 || total
-------------------------+-------+-------++-------
Melee: War axe           |    92 |   113 ||   205
  Use: Scroll            |     7 |     5 ||    12
Armor: Scale mail        |    13 |       ||    13
       Plate armour      |    16 |   112 ||   128
Dodge: Dodged            |    24 |     9 ||    33
Block: Buckler           |     6 |       ||     6
       Kite shield       |    22 |    12 ||    34
       Tower shield      |       |    35 ||    35

Table legend:
 A = Non-vault XP
 B = Vault XP
 C = Vault XP percentage of total XP
 D = Non-vault monster count
 E = Vault monster count
 F = Vault count percentage of total count
                 A         B        C        D         E       F
            +---------+---------+-------+---------+---------+-------
      Total |     213 |     125 |  37.0 |      61 |      13 |  17.6
            +---------+---------+-------+---------+---------+-------
        D:1 |      39 |       0 |   0.0 |      22 |       0 |   0.0
        D:2 |      47 |       0 |   0.0 |      17 |       0 |   0.0
        D:3 |      81 |      34 |  29.6 |      17 |      11 |  39.3
        D:4 |      46 |      91 |  66.4 |       5 |       2 |  28.6
            +---------+---------+-------+---------+---------+-------
